 Dungeon Crawl Stone Soup version 0.29.1-13-g9f3cf754e1 (webtiles) character file.

Game seed: 14511572004855209691

26 Exodus22XD the Covered (level 2, 27/27 HPs)
             Began as a Minotaur Fighter on Feb 4, 2023.
             Was an Initiate of Ashenzari.
             Quit the game on level 1 of the Dungeon.
             The game lasted 00:00:39 (1012 turns).

Exodus22XD the Covered (Minotaur Fighter)           Turns: 1012, Time: 00:00:39

Health: 27/27      AC:  8    Str: 20    XL:     2   Next: 89%
Magic:  1/1        EV:  9    Int:  5    God:    Ashenzari [......]
Gold:   19         SH:  4    Dex:  9    Spells: 1/1 levels left

rFire   . . .      SeeInvis .   a - +0 war axe
rCold   . . .      Faith    .   c - +0 buckler
rNeg    . . .      Spirit   .   b - +0 scale mail
rPois   .          Reflect  .   (helmet restricted)
rElec   .          Harm     .   (no cloak)
rCorr   .          Rampage  .   i - +0 pair of gloves
Will    .....                   (no boots)
Stlth   ..........              (no amulet)
HPRegen 0.09/turn               (no ring)
MPRegen 0.07/turn               (no ring)

@: no status effects
A: horns 2, retaliatory headbutt
a: Renounce Religion


You were on level 1 of the Dungeon.
You worshipped Ashenzari.
Ashenzari was noncommittal.
You visited 1 branch of the dungeon, and saw 1 of its levels.

You collected 19 gold pieces.

Inventory:

Hand Weapons
 a - a +0 war axe (weapon)
Armour
 b - a +0 scale mail (worn)
 c - a +0 buckler (worn)
 i - a +0 pair of gloves (worn)
Scrolls
 e - a scroll of brand weapon {unknown}
 g - 2 scrolls of identify {unknown}
 h - 2 scrolls of enchant armour {unknown}
Potions
 d - a potion of might
 f - a potion of brilliance {unknown}


   Skills:
 + Level 4.1 Fighting
 + Level 2.7 Axes
 + Level 4.1 Armour
 + Level 4.1 Shields


You had one spell level left.
You didn't know any spells.
Your spell library was empty.

Dungeon Overview and Level Annotations

Branches:
Dungeon (1/15)

Altars:
Ashenzari


Innate Abilities, Weirdness & Mutations

You have a pair of horns on your head.
You reflexively headbutt those who attack you in melee.


Message History

A kobold is nearby!
The kobold closely misses you.
You closely miss the kobold. Your headbutt misses the kobold.
The kobold barely misses you.
A kobold is nearby!
You barely miss the kobold. The kobold closely misses you.
The kobold hits you but does no damage.
A kobold is nearby!
You barely miss the kobold. The kobold closely misses you.
A kobold is nearby!
You barely miss the kobold. You headbutt the kobold.
You kill the kobold!
Things that are here:
a +0 whip; a kobold corpse A giant cockroach comes into view.
A giant cockroach is nearby!
Found a chain mail.
A giant cockroach is nearby!
You barely miss the giant cockroach. You headbutt the giant cockroach.
You kill the giant cockroach!
You see here a giant cockroach corpse.
You see here a +0 chain mail.
A ball python comes into view.
The ball python hisses angrily.
You barely miss the ball python.
The ball python bites you but does no damage.
The ball python closely misses you.
A ball python is nearby!
You hit the ball python. You headbutt the ball python.
You kill the ball python!
You see here a ball python corpse.
You see here a ball python corpse.
You now have 19 gold pieces (gained 8).
Found a faded altar of an unknown god.
There is a faded altar of an unknown god here.
You cannot tell which god this altar belongs to.
Convert to them anyway?
Ashenzari accepts your prayer! Ashenzari welcomes you!
Ashenzari warns you of distant threats and treasures.
Ashenzari reveals the structure of the dungeon to you.
Ashenzari shows you where magical portals lie.
Are you sure you want to abandon this character and quit the game? (Confirm with "yes".)

#### ### #.. ..#
#.# #.#
######.#####.#
#####...#........#
#.....#......##..#
######
#..∩..#..#.##..###
.....#
#@...##...........
####.#
#..⌠###........###
#.# #####
#........# #.#
####.##### ##.##
#.# #...# #.#
#...# #+# #...#
####.##


There were no monsters in sight!

Vanquished Creatures
  4 bats (D:1)
  3 endoplasms (D:1)
  4 giant cockroaches (D:1)
  2 hobgoblins (D:1)
  A quokka (D:1)
  2 ball pythons (D:1)
  4 goblins (D:1)
  2 kobolds (D:1)
  A rat (D:1)
23 creatures vanquished.

Notes
Turn   | Place    | Note
-------+----------+-------------------------------------------
     0 | D:1      | Exodus22XD the Minotaur Fighter began the quest for the
                  | Orb.
     0 | D:1      | Reached XP level 1. HP: 19/19 MP: 0/0
   185 | D:1      | Reached XP level 2. HP: 25/27 MP: 1/1
  1003 | D:1      | Found a faded altar of an unknown god.
  1011 | D:1      | Prayed at the altar of an unknown god.
  1011 | D:1      | Became a worshipper of Ashenzari the Shackled
  1012 | D:1      | Quit the game

Illustrated notes

Levels and vault maps discovered:
D:1:      amcnicky_arrival_choice, layout_loops_corners,
          ebering_ecumenical_altar_abandoned, minmay_misc_feat_encased,
          dk_noncrumbling_3, minmay_close_crescents

Skill      XL: |  1  2 |
---------------+-------+-----
Shields        | 4 |  4.1
Fighting       | 4 |  4.1
Armour         | 4 |  4.1
Axes           | |  2.7

Action                   || total
-------------------------++-------
Melee: War axe           ||    49
       Headbutt          ||     6
Armor: Scale mail        ||    23
Dodge: Dodged            ||    28
Block: Buckler           ||     6
